 Dungeon Crawl Stone Soup version 0.30-a0-586-g23e55c9e0a (webtiles) character file.

Game seed: 1071904145227332521

10898 Citaku the Protected (level 11, -3/111 HPs)
             Began as a Minotaur Fighter on Jan 3, 2023.
             Hit by a large rock thrown by a cyclops (16 damage)
             ... on level 11 of the Dungeon.
             The game lasted 00:24:27 (10523 turns).

Citaku the Protected (Minotaur Fighter)            Turns: 10523, Time: 00:24:27

Health: -3/111     AC: 20    Str: 24    XL:     11   Next: 42%
Magic:  10/10      EV: 10    Int: 11    God:
Gold:   719        SH:  0    Dex: 11    Spells: 10/10 levels left

rFire   . . .      SeeInvis .    i - +1 broad axe (drain)
rCold   . . .      Faith    .    c - +0 buckler
rNeg    . . .      Spirit   .    b - +0 scale mail
rPois   .          Reflect  .    (helmet restricted)
rElec   .          Harm     .    w - +2 cloak
rCorr   .          Rampage  .    f - +2 pair of gloves
Will    +....                    g - +0 pair of boots of Husom {Int+6} Stlth
                                 (no amulet)
HPRegen 0.38/turn                v - +5 ring of evasion
MPRegen 0.12/turn                s - ring of willpower

@: about to teleport, held
A: horns 2, retaliatory headbutt, iridescent scales 1, robust 1, no potion heal
1
a: no special abilities


You were on level 11 of the Dungeon.
You visited 1 branch of the dungeon, and saw 11 of its levels.

You collected 799 gold pieces.
You spent 80 gold pieces at shops.

Inventory:

Hand Weapons
 i - a +1 broad axe of draining (weapon)
Missiles
 k - 5 throwing nets
Armour
 b - a +0 scale mail (worn)
 c - a +0 buckler (worn)
 f - a +2 pair of gloves (worn)
 g - the +0 pair of boots of Husom (worn) {Int+6}
   (You found it on level 8 of the Dungeon)

   Int:       It affects your intelligence (+6).
 w - a +2 cloak (worn)
Jewellery
 m - a ring of poison resistance
 s - a ring of willpower (right hand)
 v - a +5 ring of evasion (left hand)
Wands
 d - a wand of quicksilver (8)
 n - a wand of charming (4)
Scrolls
 a - a scroll of fog
 e - 3 scrolls of poison
 h - a scroll of fear
 j - 4 scrolls of teleportation
 o - 6 scrolls of identify
 u - a scroll of blinking
Potions
 l - 2 potions of curing
 p - a potion of cancellation
 q - a potion of berserk rage {unknown}
 r - a potion of mutation
Miscellaneous
 t - a phantom mirror (quivered)


   Skills:
 + Level 10.4 Fighting
 * Level 13.8 Axes
 * Level 14.0 Armour
 - Level 3.6 Shields


You had 10 spell levels left.
You didn't know any spells.
Your spell library contained the following spells:

 Spells                   Type           Power      Damage    Failure   Level
 Freeze                   Ice            0%         1d3       65%         1
 Sandblast                Erth           0%         2d4       65%         1
 Cigotuvi's Dreadful Rot  Necr/Pois/Air  0%         N/A       80%         2
 Passwall                 Tmut/Erth      0%         N/A       80%         2
 Scorch                   Fire           0%         2d5       80%         2
 Frozen Ramparts          Ice            0%         1d1       95%         3
 Hailstorm                Conj/Ice       0%         3d3       95%         3
 Stone Arrow              Conj/Erth      0%         3d7       95%         3
 Dispel Undead            Necr           0%         3d6       100%        4
 Flame Wave               Conj/Fire      0%         2d4       100%        4
 Death Channel            Necr           0%         N/A       100%        6
 Summon Cactus Giant      Summ           0%         N/A       100%        6


Dungeon Overview and Level Annotations

Branches:
Dungeon (12/15)            Temple (0/1) D:6             Orc (0/2) D:11
   Lair: D:8-11

Altars:
Dithmenos
Elyvilon
Hepliaklqana
Kikubaaqudgha
Nemelex Xobeh
Ru
Uskayaw

Shops:
D:4 ((!**   D:8 :


Innate Abilities, Weirdness & Mutations

You have a pair of horns on your head.
You reflexively headbutt those who attack you in melee.
You are partially covered in iridescent scales. (AC +2)
You are robust. (+10% HP)
Potions are less effective at restoring your health.


Message History

You hit the orc warrior. You headbutt the orc warrior!
The orc warrior is heavily wounded.
You closely miss the jumping spider.
The jumping spider pounces on you but does no damage.
The jumping spider bites you but does no damage.
The orc warrior hits you but does no damage.
The shadow slips into darkness.
The shadow flickers and vanishes!
Deactivating autopickup; reactivate with Ctrl-A.
The jumping spider pounces on you!
* * * LOW HITPOINT WARNING * * *
The jumping spider bites you but does no damage.
Okay, then.
Blink to where?
Press: ? - help, Dir - move target
As you read the scroll of blinking, it crumbles to dust.
The jumping spider pounces on you!
* * * LOW HITPOINT WARNING * * *
You are caught in a web!
The jumping spider bites you but does no damage.
You struggle to detach yourself from the web.
The jumping spider pounces on you but does no damage.
The jumping spider bites you but does no damage.
The jumping spider barely misses you. You furiously retaliate!
You headbutt the jumping spider.
The jumping spider bites you but does no damage.
As you read the scroll of teleportation, it crumbles to dust.
You feel strangely unstable. The jumping spider pounces on you.
* * * LOW HITPOINT WARNING * * *
The jumping spider barely misses you.
As you read the scroll of fear, it crumbles to dust.
You assume a fearsome visage.
The orc warrior looks frightened!
The jumping spider looks frightened!
The cyclops easily resists.
The jumping spider leaps! x2
You struggle to detach yourself from the web.
The shadow strikes at you from the darkness!
* * * LOW HITPOINT WARNING * * *
Reactivating autopickup.
The cyclops throws a large rock.
The large rock hits you!
You die...

....#### ####################
###....###..(.....>.........#####
# ####...#.################.<...#
# ###....#.......# ###..### ###
###..........# ##...## ~~#
####~......# #..###### ~## ##.
####.#### #........ ## #... #.#
###........ ##..{.###@#
#.......... .'....).W.#
####.##..##.## ###..°.##C.#
#....##.###.# ## #8#...
##o####.###...# #.# ~## ##~##.
##..###..##..### #.# ~~#
#~~~####~.###..#...## #.# .###
####..........##.### #.# ...##
#........####.# #.# ##..##
#........####.# #.#


You could see a cyclops, an orc warrior (fleeing) and a shadow.

Vanquished Creatures
  An ogre mage (D:11)
  A centaur warrior (D:11)
  A two-headed ogre (D:7)
  Pikel (D:6)
  A cyclops (D:11)
  A manticore (D:11)
  A gargoyle (D:11)
  Maggie (D:6)
  An unseen horror (D:7)
  2 komodo dragons (D:11)
  3 trolls (D:11)
  A shadow (D:12)
  11 yaks
  2 wraiths
  Eustachio (D:6)
  A steam dragon (D:7)
  A warg (D:11)
  Menkaure (D:4)
  A water moccasin (D:8)
  An acid dragon (D:5)
  Edmund (D:5)
  A sky beast (D:7)
  4 ice beasts
  7 orc warriors
  2 black bears
  2 ogres
  3 phantoms
  3 centaurs
  2 lemures (D:6)
  A kobold brigand (D:9)
  Blork the orc (D:5)
  A necrophage (D:5)
  3 bullfrogs
  A scorpion (D:6)
  A wight (D:8)
  3 killer bees (D:8)
  A howler monkey (D:8)
  2 hounds
  A jelly (D:5)
  8 orc priests
  Crazy Yiuf (D:6)
  2 gnoll boudas
  7 orc wizards
  2 iguanas
  11 gnolls
  6 adders
  2 shadow imps
  2 white imps
  An ufetubus (D:5)
  2 dart slugs
  29 orcs
  7 bats
  4 endoplasms
  3 giant cockroaches
  4 goblins
  5 hobgoblins
  4 quokkas
  7 ball pythons
  4 frilled lizards (D:1)
  13 kobolds
  6 rats
204 creatures vanquished.

Vanquished Creatures (others)
  A fungus (D:6)
1 creature vanquished.

Grand Total: 205 creatures vanquished

Notes
Turn   | Place    | Note
-------+----------+-------------------------------------------
     0 | D:1      | Citaku the Minotaur Fighter began the quest for the Orb.
     0 | D:1      | Reached XP level 1. HP: 19/19 MP: 0/0
   190 | D:1      | Reached XP level 2. HP: 27/27 MP: 1/1
   193 | D:1      | Reached skill level 4 in Armour
   577 | D:1      | Reached XP level 3. HP: 33/33 MP: 2/2
  1354 | D:2      | Found an ancient bone altar of Kikubaaqudgha.
  2225 | D:3      | Gained mutation: You are robust. (+10% HP) [potion of
                  | mutation]
  2225 | D:3      | Gained mutation: Armour fits poorly on your strangely
                  | shaped body. [potion of mutation]
  2225 | D:3      | Gained mutation: You occasionally lose the ability to read
                  | scrolls when taking damage. [potion of mutation]
  2237 | D:4      | Reached XP level 4. HP: 30/44 MP: 3/3
  2353 | D:4      | Found Ubourig's Weapon Boutique.
  2377 | D:4      | Found Zuveblafann's Distillery.
  2439 | D:4      | Noticed a centaur
  2453 | D:4      | Killed a centaur
  2454 | D:4      | Reached skill level 5 in Armour
  2454 | D:4      | Reached XP level 5. HP: 34/51 MP: 4/4
  2523 | D:4      | Found Hinnif Cytzo's Assorted Antiques.
  2559 | D:4      | Lost mutation: You are robust. (+10% HP) [potion of
                  | mutation]
  2559 | D:4      | Lost mutation: Armour fits poorly on your strangely shaped
                  | body. [potion of mutation]
  2559 | D:4      | Gained mutation: You have supernaturally acute eyesight.
                  | (SInv) [potion of mutation]
  2559 | D:4      | Gained mutation: Potions are less effective at restoring
                  | your health. [potion of mutation]
  2559 | D:4      | Gained mutation: You expend magic power (3 MP) to
                  | strengthen your wands. [potion of mutation]
  2614 | D:4      | Reached skill level 5 in Axes
  2618 | D:4      | Found Vaongur's Overcharged Wands.
  2787 | D:4      | Noticed Menkaure
  2795 | D:4      | Killed Menkaure
  2796 | D:4      | Reached skill level 5 in Fighting
  2796 | D:4      | Reached skill level 6 in Armour
  2796 | D:4      | Reached XP level 6. HP: 16/56 MP: 5/5
  3132 | D:4      | Found Opumnan's Antique Weapon Shop.
  3151 | D:4      | Reached XP level 7. HP: 54/61 MP: 6/6
  3207 | D:4      | Reached skill level 7 in Armour
  3471 | D:4      | Bought a potion of mutation for 80 gold pieces
  3471 | D:4      | Lost mutation: You occasionally lose the ability to read
                  | scrolls when taking damage. [potion of mutation]
  3471 | D:4      | Lost mutation: You expend magic power (3 MP) to strengthen
                  | your wands. [potion of mutation]
  3471 | D:4      | Lost mutation: You have supernaturally acute eyesight.
                  | (SInv) [potion of mutation]
  3471 | D:4      | Gained mutation: You are partially covered in iridescent
                  | scales. (AC +2) [potion of mutation]
  3471 | D:4      | Gained mutation: Your flesh is cold resistant. (rC+)
                  | [potion of mutation]
  3471 | D:4      | Lost mutation: Your flesh is cold resistant. (rC+) [potion
                  | of mutation]
  3471 | D:4      | Gained mutation: You are robust. (+10% HP) [potion of
                  | mutation]
  3503 | D:5      | Entered Level 5 of the Dungeon
  3569 | D:5      | Noticed Blork the orc
  3576 | D:5      | Killed Blork the orc
  3666 | D:5      | Noticed Edmund
  3681 | D:5      | Killed Edmund
  3802 | D:5      | Reached skill level 8 in Armour
  3802 | D:5      | Reached XP level 8. HP: 43/77 MP: 7/7
  4879 | D:6      | Found a white marble altar of Elyvilon.
  4930 | D:6      | Reached skill level 9 in Armour
  5141 | D:6      | Noticed Eustachio
  5155 | D:6      | Killed Eustachio
  5224 | D:6      | Found a hide-covered altar of Uskayaw.
  5342 | D:6      | Found a staircase to the Ecumenical Temple.
  5364 | D:6      | Reached XP level 9. HP: 40/86 MP: 8/8
  5499 | D:6      | Noticed Pikel
  5532 | D:6      | Killed Pikel
  5533 | D:6      | Reached skill level 10 in Armour
  5794 | D:6      | Found a hazy altar of Hepliaklqana.
  5892 | D:6      | Reached skill level 10 in Axes
  6043 | D:6      | Noticed Maggie
  6051 | D:6      | Killed Maggie
  6167 | D:6      | Found a runed translucent door.
  6168 | D:6      | Noticed Crazy Yiuf
  6262 | D:6      | Found a sparkling altar of Nemelex Xobeh.
  6483 | D:6      | Killed Crazy Yiuf
  6598 | D:7      | Reached skill level 11 in Armour
  6823 | D:7      | Found an ancient bone altar of Kikubaaqudgha.
  6871 | D:7      | Killed an unseen horror
  7109 | D:7      | Noticed a two-headed ogre
  7116 | D:7      | Killed a two-headed ogre
  7117 | D:7      | Reached XP level 10. HP: 50/99 MP: 9/9
  7370 | D:7      | Found a shadowy altar of Dithmenos.
  7592 | D:7      | Found a sacrificial altar of Ru.
  7891 | D:8      | Reached skill level 12 in Armour
  8251 | D:8      | Identified the +0 pair of boots of Husom {Int+6}
  8403 | D:8      | Found Addono's Book Shoppe.
  9247 | D:9      | You fall into a shaft and drop 3 floors!
  9380 | D:11     | Noticed a manticore
  9392 | D:11     | Killed a manticore
  9393 | D:11     | Reached skill level 13 in Armour
  9407 | D:11     | Reached XP level 11. HP: 50/108 MP: 10/10
  9821 | D:11     | Found a staircase to the Orcish Mines.
  9855 | D:11     | Reached skill level 10 in Fighting
 10212 | D:11     | Found a runed translucent door.
 10212 | D:11     | Noticed an ogre mage
 10491 | D:11     | Noticed a centaur warrior
 10502 | D:11     | Killed a centaur warrior
 10511 | D:11     | Killed an ogre mage
 10512 | D:11     | Reached skill level 14 in Armour
 10523 | D:11     | Hit by a large rock thrown by a cyclops

Illustrated notes

Levels and vault maps discovered:
D:1:      minmay_arrival_loop, layout_loops_cross, minivault_24,
          roderic_malta_cross, grunt_decor_mini_mirrors, minmay_tetromino_i4
D:2:      layout_loops_cross, basic_altar, dk_noncrumbling_4
D:3:      layout_loops_ring
D:4:      layout_loops_cross, serial_shops, shop, nicolae_stop_n_shop_1, shop,
          nicolae_square_shop, nicolae_shop_overcharged_wands, uniq_menkaure
D:5:      layout_loops_ring, minmay_increasing_density, uniq_edmund,
          uniq_blork_the_orc
D:6:      layout_loops_cross, worldfamousw_hep_ancestral_shrine,
          kennysheep_mini_moat, lemuel_tele_altar, elyvilon_altar_4,
          minmay_temple_entry_stoned_glass, uniq_pikel, uniq_crazy_yiuf_cottage,
          uniq_maggie, uniq_eustachio
D:7:      nicolae_cairo_tiling_large_dashed, layout_basic,
          mainiacjoe_overflow_boulevard, amcnicky_altar_gilded,
          nicolae_ru_sacrificial_ziggurat, hangedman_decor_slide_cut,
          minmay_small_thing
D:8:      layout_layer_cave, serial_shops, nicolae_shop_trees, minmay_bent
D:9:      layout_roguey, pf_just_have_faith, kennysheep_little_box
D:11:     layout_rooms, david_orc_1_choice, lightli_airlock
D:12:     layout_cave_pods, chequers_jeans, drop_trap

Skill      XL: |  1  2  3  4  5  6  7  8  9 10 11 |
---------------+----------------------------------+-----
Armour         | 4 5 6 8 9 11 13 14 | 14.0
Axes           | 3 4 5 6 7 9 11 13 | 13.8
Fighting       | 4 5 6 7 8 9 10 | 10.4
Shields        | |  3.6

Action                   |  1- 3 |  4- 6 |  7- 9 | 10-12 || total
-------------------------+-------+-------+-------+-------++-------
Melee: War axe           |   111 |    77 |   227 |       ||   415
       Headbutt          |    12 |     5 |    50 |    36 ||   103
       Broad axe         |       |       |    46 |   188 ||   234
  Use: Scroll            |     6 |     2 |     1 |     9 ||    18
       Potion            |     3 |     4 |     6 |     2 ||    15
Armor: Scale mail        |    81 |    44 |   131 |    97 ||   353
Dodge: Dodged            |    75 |    35 |    86 |   137 ||   333
Block: Buckler           |    32 |    18 |    44 |    41 ||   135

Table legend: (Time is in decaauts)
 A = Elapsed time spent in this place.
 B = Non-inter-level travel time spent in this place.
 C = Inter-level travel time spent in this place.
 D = Time resting spent in this place.
 E = Time spent auto-exploring this place.
 F = Levels seen in this place.
 G = Mean time per level.
                   A        B        C        D        E       F      G
               +--------+--------+--------+--------+--------+-----+--------+
         Total |  10607 |  10607 |      0 |    763 |   7552 |  11 |  964.3 |
       Dungeon |  10607 |  10607 |      0 |    763 |   7552 |  11 |  964.3 |
               +--------+--------+--------+--------+--------+-----+--------+

Top non-repeatable levels by time:
     D:6: 1701 daAuts
     D:8: 1482 daAuts
     D:5: 1336 daAuts
     D:4: 1298 daAuts
    D:11: 1152 daAuts
     D:7: 1131 daAuts
     D:1: 879 daAuts
     D:2: 696 daAuts
     D:3: 695 daAuts
    D:12: 126 daAuts
     D:9: 106 daAuts
